 Dungeon Crawl Stone Soup version 0.29-a0-775-g4d7333d4e2 (webtiles) character file.

Game seed: 12203325430742910407

8250 HoaS the Marksgargoyle (level 11, -8/62 HPs)
             Began as a Gargoyle Hunter on June 30, 2022.
             Was an Elder of Okawaru.
             Mangled by Fannar
             ... wielding a staff of cold
              (16 damage)
             ... on level 10 of the Dungeon on July 1, 2022.
             The game lasted 00:24:39 (10655 turns).

HoaS the Marksgargoyle (Gargoyle Hunter)           Turns: 10655, Time: 00:24:40

Health: -8/62      AC: 20    Str: 15    XL:     11   Next: 27%
Magic:  14/14      EV: 17    Int: 10    God:    Okawaru [****..]
Gold:   418        SH:  0    Dex: 17    Spells: 10/10 levels left

rFire   . . .      SeeInvis +   a - +2 shortbow (vorpal)
rCold   . . .      Faith    .   (shield currently unavailable)
rNeg    + . .      Spirit   .   g - +2 robe {Will+}
rPois   ∞          Reflect  .   u - +2 helmet
rElec   +          Harm     .   f - +2 cloak
rCorr   .          Rampage  .   (no gloves)
Will    +++..                   A - +0 pair of boots of Norchul {rPois Regen+ SInv}
Stlth   +++.......              (no amulet)
HPRegen 1.00/turn               B - ring of willpower
MPRegen 0.14/turn               r - ring of willpower

@: heroic
A: sickness immunity, AC +8, negative energy resistance 1, electricity
resistance, torment resistance 1, petrification resistance
a: Renounce Religion, Heroism, Finesse


You were on level 10 of the Dungeon.
You worshipped Okawaru.
Okawaru was greatly pleased with you.
You visited 1 branch of the dungeon, and saw 10 of its levels.
You also visited: Ossuary.

You collected 1246 gold pieces.
You spent 828 gold pieces at shops.

Inventory:

Hand Weapons
 a - a +2 vorpal shortbow (weapon)
Missiles
 l - 3 throwing nets
Armour
 f - a +2 cloak (worn)
 g - a +2 robe of willpower (worn)
 u - a +2 helmet (worn)
 A - the +0 pair of boots of Norchul (worn) {rPois Regen+ SInv}
   (You bought it in a shop on level 8 of the Dungeon)

   rPois:     It protects you from poison.
   SInv:      It lets you see invisible.
   Regen:     It increases your rate of health regeneration.
Jewellery
 c - a +6 ring of strength
 o - a +1 ring of evasion
 r - a ring of willpower (right hand)
 B - a ring of willpower (left hand)
Wands
 e - a wand of polymorph (9)
 t - a wand of flame (50)
 E - a wand of quicksilver (3)
Scrolls
 b - 3 scrolls of immolation
 i - 3 scrolls of poison
 j - 2 scrolls of noise
 n - 9 scrolls of identify
 p - 2 scrolls of torment
 q - a scroll of teleportation
 v - a scroll of summoning
 w - a scroll of amnesia
 x - a scroll of fog
 y - a scroll of blinking
Potions
 d - a potion of mutation
 h - 3 potions of resistance
 k - a potion of lignification
 m - 5 potions of flight
 s - 6 potions of curing
 z - a potion of attraction
 C - 2 potions of haste


   Skills:
 * Level 4.7(9.7) Fighting
 - Level 16.0(21.0) Ranged Weapons
 * Level 3.5(8.5) Dodging
 - Level 1.1(6.1) Stealth
 + Level 4.2 Invocations


You had 10 spell levels left.
You didn't know any spells.
Your spell library contained the following spells:

 Spells                   Type           Power      Damage    Failure   Level
 Apportation              Tloc           0%         N/A       36%         1
 Beastly Appendage        Tmut           0%         N/A       36%         1
 Magic Dart               Conj           0%         1d3       36%         1
 Sandblast                Erth           0%         2d4       36%         1
 Shock                    Conj/Air       0%         1d3       36%         1
 Passwall                 Tmut/Erth      0%         N/A       50%         2
 Wereblood                Tmut           0%         N/A       50%         2
 Mephitic Cloud           Conj/Pois/Air  0%         N/A       75%         3
 Portal Projectile        Hex/Tloc       0%         N/A       75%         3
 Spider Form              Tmut/Pois      0%         N/A       75%         3
 Stone Arrow              Conj/Erth      0%         3d7       75%         3
 Swiftness                Air            0%         N/A       75%         3
 Airstrike                Air            0%         0-1+      98%         4
 Alistair's Intoxication  Tmut/Pois      0%         N/A       100%        5
 Blade Hands              Tmut           0%         N/A       100%        5
 Call Imp                 Summ           Unusable   N/A       N/A         2
 Tukima's Dance           Hex            Unusable   N/A       N/A         3

Dungeon Overview and Level Annotations

Branches:
Dungeon (10/15)            Temple (0/1) D:7         Ossuary (visited)
   Lair: D:8-11         Orc: D:9-12

Altars:
Ashenzari
Cheibriados
Fedhas
Okawaru
Wu Jian

Shops:
D:2 =   D:3 ?   D:8 (=:!::((*[   D:9 ?

Annotations:
D:10 Fannar


Innate Abilities, Weirdness & Mutations

You are immune to sickness and miasma.
Your stone body is resilient. (AC +8)
You are immune to poison.
You resist negative energy. (rN+)
You are resistant to electric shocks. (rElec)
You are resistant to unholy torment.
You are immune to petrification.


Message History

Aim: Fannar, wielding a staff of cold and wearing a +1 robe of cold resistance (lightly wounded)
You shoot an arrow. The arrow barely misses Fannar.
The ice beast completely misses you.
Fire: a) +2 shortbow (vorpal)
Press: ? - help, Q - select action, (/) - cycle Shift-Dir - straight line, f/p - Fannar
Aim: Fannar, wielding a staff of cold and wearing a +1 robe of cold resistance (lightly wounded)
You shoot an arrow. The arrow hits Fannar!
Fannar is moderately wounded.
Fannar completely misses you.
The ice beast hits you but does no damage.
Fire: a) +2 shortbow (vorpal)
Press: ? - help, Q - select action, (/) - cycle Shift-Dir - straight line, f/p - Fannar
Aim: Fannar, wielding a staff of cold and wearing a +1 robe of cold resistance (moderately wounded)
You shoot an arrow. The arrow hits Fannar!
Fannar is heavily wounded.
Fannar misses you.
Fire: a) +2 shortbow (vorpal)
Press: ? - help, Q - select action, (/) - cycle Shift-Dir - straight line, f/p - Fannar
Aim: Fannar, wielding a staff of cold and wearing a +1 robe of cold resistance (heavily wounded)
You shoot an arrow.
The arrow hits Fannar but does no damage.
Fannar is heavily wounded.
The ice beast closely misses you.
Fire: a) +2 shortbow (vorpal)
Press: ? - help, Q - select action, (/) - cycle Shift-Dir - straight line, f/p - Fannar
Aim: Fannar, wielding a staff of cold and wearing a +1 robe of cold resistance (heavily wounded)
You shoot an arrow. The arrow hits Fannar.
Fannar is heavily wounded.
Fannar hits you but does no damage. Fannar freezes you!
* * * LOW HITPOINT WARNING * * *
The ice beast hits you but does no damage.
Fire: a) +2 shortbow (vorpal)
Press: ? - help, Q - select action, (/) - cycle Shift-Dir - straight line, f/p - Fannar
Aim: Fannar, wielding a staff of cold and wearing a +1 robe of cold resistance (heavily wounded)
You shoot an arrow. The arrow hits Fannar.
Fannar is heavily wounded.
Fannar hits you with a staff of cold.
* * * LOW HITPOINT WARNING * * *
Fannar freezes you!
You die...

## #############
.####################.........##.
......[.............'..≈......>#.
.####################..≈.......#.
## ........# #..........#. #
........# #.)........#. #
........# #..........#. #
........####..........## #
......Y@..##..........##
....≈.e...##............
...................#####
...................#
........##.........#
........##.........#
........######'##### ###......
#.# #.### #.#


You could see Fannar and an ice beast (summoned).

Vanquished Creatures
  Erolcha (D:9)
  Erica (D:8)
  Pikel (D:5)
  A deep elf pyromancer (D:6)
  A kobold demonologist (D:10)
  A shadow (D:9)
  2 wyverns (D:10)
  10 yaks
  2 water moccasins
  An orc warrior (D:8)
  4 ice beasts
  2 ogres
  2 black bears
  7 centaurs
  4 lemures (D:5)
  2 phantoms
  2 kobold brigands
  A gnoll sergeant (D:7)
  3 bullfrogs
  2 scorpions (D:5)
  8 wights
  11 killer bees
  An electric eel (D:8)
  2 hounds
  A jelly (D:5)
  4 orc priests
  2 iguanas
  10 orc wizards
  2 mummies
  5 adders
  9 gnolls
  2 shadow imps
  A white imp (D:7)
  An ufetubus (D:5)
  2 worms
  5 dart slugs
  44 orcs
  2 spectral bats (Ossuary)
  8 ball pythons
  6 bats
  10 endoplasms
  4 giant cockroaches
  12 gnoll zombies (Ossuary)
  8 goblins
  6 hobgoblins
  6 jackals (D:4)
  6 quokkas
  A bat simulacrum (Ossuary)
  3 frilled lizards
  3 goblin simulacra (Ossuary)
  4 goblin zombies (Ossuary)
  6 hobgoblin zombies (Ossuary)
  11 kobolds
  3 kobold simulacra (Ossuary)
  6 kobold zombies (Ossuary)
  2 orc zombies (Ossuary)
  5 rats
  4 rat simulacra (Ossuary)
  A spectral goblin (Ossuary)
  3 spectral rats (Ossuary)
280 creatures vanquished.

Notes
Turn   | Place    | Note
-------+----------+-------------------------------------------
     0 | D:1      | HoaS the Gargoyle Hunter began the quest for the Orb.
     0 | D:1      | Reached XP level 1. HP: 12/12 MP: 1/1
    43 | D:1      | Reached XP level 2. HP: 16/17 MP: 2/2
   419 | D:1      | Reached XP level 3. HP: 21/21 MP: 3/3
   502 | D:1      | Reached skill level 5 in Ranged Weapons
   722 | D:2      | Found Bunidu's One-of-a-Kind Rings.
   730 | D:2      | Bought a +1 ring of evasion for 36 gold pieces
   906 | D:2      | Identified a scroll of acquirement
   906 | D:2      | Acquired 615 gold pieces
  1135 | D:2      | Found a faded altar of an unknown god.
  1217 | D:2      | Reached XP level 4. HP: 26/26 MP: 4/4
  1815 | D:3      | Reached skill level 6 in Ranged Weapons
  1827 | D:3      | Reached XP level 5. HP: 29/30 MP: 5/5
  1881 | D:3      | Found Leulo's Magic Scroll Emporium.
  1924 | D:3      | Bought a scroll of identify for 26 gold pieces
  1924 | D:3      | Bought a scroll of identify for 26 gold pieces
  1924 | D:3      | Bought a scroll of teleportation for 39 gold pieces
  1924 | D:3      | Bought a scroll of enchant weapon for 97 gold pieces
  2411 | D:4      | Noticed a phantom
  2424 | D:4      | Killed a phantom
  2425 | D:4      | Reached skill level 7 in Ranged Weapons
  2425 | D:4      | Reached XP level 6. HP: 31/35 MP: 6/6
  2434 | D:4      | Found a broken altar of Ashenzari.
  2784 | D:5      | Entered Level 5 of the Dungeon
  2826 | D:5      | Noticed a water moccasin
  2843 | D:5      | Killed a water moccasin
  2844 | D:5      | Reached skill level 8 in Ranged Weapons
  2844 | D:5      | Reached XP level 7. HP: 24/40 MP: 7/7
  2892 | D:5      | Reached skill level 9 in Ranged Weapons
  3188 | D:5      | Found an iron altar of Okawaru.
  3611 | D:5      | Noticed Pikel
  3629 | D:5      | Killed Pikel
  3630 | D:5      | Reached skill level 10 in Ranged Weapons
  3630 | D:5      | Reached XP level 8. HP: 23/44 MP: 8/8
  4027 | D:5      | Became a worshipper of Warmaster Okawaru
  4151 | D:6      | Reached skill level 11 in Ranged Weapons
  4205 | D:6      | Reached skill level 1 in Invocations
  4661 | D:6      | Reached XP level 9. HP: 42/48 MP: 10/10
  4740 | D:6      | Noticed a deep elf pyromancer
  4750 | D:6      | Killed a deep elf pyromancer
  4750 | D:6      | Reached * piety under Okawaru
  4751 | D:6      | Reached skill level 12 in Ranged Weapons
  5461 | D:7      | Upgraded the game from 0.29-a0-757-g358383bc75 to
                  | 0.29-a0-775-g4d7333d4e2
  5475 | D:7      | Reached ** piety under Okawaru
  5545 | D:7      | Reached skill level 13 in Ranged Weapons
  6041 | D:7      | Found a sand-covered staircase.
  6050 | Ossuary  | Entered an ossuary
  6520 | D:7      | Reached XP level 10. HP: 47/53 MP: 12/12
  6796 | D:7      | Reached skill level 14 in Ranged Weapons
  6905 | D:7      | Found a staircase to the Ecumenical Temple.
  7033 | D:8      | Identified the +0 robe of the Past {rElec}
  7208 | D:7      | Reached *** piety under Okawaru
  7542 | D:8      | Found Dinoost's Armour Shoppe.
  7551 | D:8      | Bought the +0 pair of boots of Norchul {rPois Regen+ SInv}
                  | for 238 gold pieces
  7614 | D:8      | Found Amnedgha's Antique Weapon Emporium.
  7621 | D:8      | Found Dezeb's Book Boutique.
  7627 | D:8      | Found Rimnur's Book Shop.
  7631 | D:8      | Found Yphu's Book Emporium.
  7631 | D:8      | Found Quajez's Jewellery Boutique.
  7677 | D:8      | Found Qaimpam's Weapon Boutique.
  7806 | D:8      | Found Ekluim's Assorted Antiques.
  7814 | D:8      | Bought a potion of curing for 90 gold pieces
  7839 | D:8      | Noticed Erica
  7852 | D:8      | Killed Erica
  7853 | D:8      | Reached skill level 15 in Ranged Weapons
  8130 | D:8      | Found a snail-covered altar of Cheibriados.
  8130 | D:8      | Found a faded altar of an unknown god.
  8145 | D:8      | Found an ornate altar of the Wu Jian Council.
  8147 | D:8      | Found a faded altar of an unknown god.
  8149 | D:8      | Found a blossoming altar of Fedhas.
  8484 | D:8      | Found Jawn's Antique Weapon Shop.
  8570 | D:8      | Found Tetosid's Distillery.
  8573 | D:8      | Bought a potion of haste for 120 gold pieces
  8573 | D:8      | Bought a potion of haste for 120 gold pieces
  8573 | D:8      | Bought a potion of curing for 36 gold pieces
  8861 | D:9      | Found Japnuron's Magic Scroll Shoppe.
  8905 | D:9      | Reached **** piety under Okawaru
  9250 | D:9      | Reached skill level 16 in Ranged Weapons
  9952 | D:10     | Entered Level 10 of the Dungeon
  9954 | D:10     | Noticed Erolcha
  9972 | D:9      | Reached XP level 11. HP: 28/60 MP: 13/13
 10385 | D:9      | Killed Erolcha
 10451 | D:10     | Received a gift from Okawaru
 10632 | D:10     | Noticed Fannar
 10655 | D:10     | Mangled by Fannar

Illustrated notes

Levels and vault maps discovered:
D:1:      wander_arrival_peaceful_grave, layout_loops_cross
D:2:      minmay_recursive_quarters, layout_basic,
          shapermc_ecumenical_altar_starsandcircs, nicolae_shop_unique_rings,
          kennysheep_generic_room_15
D:3:      layout_rooms, serial_shops, nicolae_shop_trees, minmay_curled_crystal,
          nrook_mini_backslash, minmay_statues_item, kennysheep_generic_room_3
D:4:      layout_basic, nicolae_ashenzari_panopticon
D:5:      layout_layer_cave, kennysheep_okawaru_gauntlet, uniq_pikel
D:6:      layout_basic, guppyfry_early_elven_hall
D:7:      layout_loops_ring, minmay_temple_entry_nine_rooms,
          gup_ossuary_entry_pyramid, nicolae_concentric_dashed_squares_mild
D:8:      minmay_inner_zag, layout_basic, chequers_temple_overflow_minitemple,
          serial_shops, kennysheep_mini_moat, shop, shop,
          nicolae_shop_advertising_works [nicolae_subvault_shop_adworks],
          nicolae_take_the_stairs, nicolae_wooded_promenade,
          chequers_serial_rivers_small_a, minmay_misc_feat_more_columns,
          uniq_erica
D:9:      layout_layer_cave, serial_shops,
          nicolae_shop_temple_entry_statues_fountains
D:10:     layout_basic, serial_shops, nicolae_shop_statue_plus, uniq_erolcha,
          uniq_urug, uniq_fannar

Skill      XL: |  1  2  3  4  5  6  7  8  9 10 11 |
---------------+----------------------------------+-----
Ranged Weapons | 5 6 7 8 10 11 13 16 | 16.0
Invocations    | 2 3 4 |  4.2
Dodging        | 2 3 |  3.5
Fighting       | 3 4 |  4.7
Stealth        | |  1.1

Action                   |  1- 3 |  4- 6 |  7- 9 | 10-12 || total
-------------------------+-------+-------+-------+-------++-------
Melee: Unarmed           |       |       |       |     4 ||     4
 Fire: Shortbow          |    97 |   172 |   399 |   324 ||   992
Invok: Heroism           |       |       |     1 |     2 ||     3
       Finesse           |       |       |       |     1 ||     1
  Use: Scroll            |     9 |    11 |     7 |     1 ||    28
       Potion            |       |       |     1 |     2 ||     3
Armor: Leather armour    |    14 |       |       |       ||    14
       Ring mail         |     8 |    29 |       |       ||    37
       Scale mail        |       |    10 |   135 |     8 ||   153
       Robe              |       |       |       |    66 ||    66
       Skin              |       |       |       |     2 ||     2
Dodge: Dodged            |    35 |    55 |   119 |    91 ||   300

Table legend: (Time is in decaauts)
 A = Elapsed time spent in this place.
 B = Non-inter-level travel time spent in this place.
 C = Inter-level travel time spent in this place.
 D = Time resting spent in this place.
 E = Time spent auto-exploring this place.
 F = Levels seen in this place.
 G = Mean time per level.
                   A        B        C        D        E       F      G
               +--------+--------+--------+--------+--------+-----+--------+
         Total |  10684 |  10134 |    550 |   2528 |   5785 |  11 |  971.3 |
       Dungeon |  10249 |   9699 |    550 |   2445 |   5606 |  10 | 1024.9 |
       Ossuary |    434 |    434 |      0 |     83 |    179 |   1 |  434.0 |
               +--------+--------+--------+--------+--------+-----+--------+

Top non-repeatable levels by time:
     D:6: 1649 daAuts
     D:9: 1631 daAuts
     D:5: 1348 daAuts
     D:8: 1315 daAuts
     D:7: 1229 daAuts
     D:2: 811 daAuts
     D:3: 746 daAuts
     D:1: 718 daAuts
     D:4: 576 daAuts
 Ossuary: 434 daAuts
    D:10: 223 daAuts
